 Dungeon Crawl Stone Soup version 0.30-a0-222-ge547ba4400 (webtiles) character file.

Game seed: 8745632083219477518

98 qw the Chopper (level 4, -7/28 HPs)
             Began as a Gargoyle Fighter on Oct 8, 2022.
             Mangled by Sigmund
             ... wielding a +0 scythe
              (9 damage)
             ... on level 2 of the Dungeon.
             The game lasted 00:00:30 (1147 turns).

qw the Chopper (Gargoyle Fighter)                   Turns: 1147, Time: 00:00:30

Health: -7/28      AC: 12    Str: 21    XL:     4   Next: 71%
Magic:  4/4        EV:  9    Int:  9    God:
Gold:   79         SH:  4    Dex:  9    Spells: 3/3 levels left

rFire   . . .      SeeInvis .    Y - +0 war axe
rCold   . . .      Faith    .    c - +0 buckler
rNeg    + . .      Spirit   .    b - +0 scale mail
rPois   inf        Reflect  .    k - +0 helmet
rElec   +          Harm     .    (no cloak)
rCorr   .          Rampage  .    l - +0 pair of gloves
Will    .....                    (no boots)
Stlth   ..........               (no amulet)
HPRegen 0.24/turn                (no ring)
MPRegen 0.09/turn                (no ring)

@: no status effects
A: sickness immunity, AC +3, negative energy resistance 1, electricity
resistance, torment resistance 1, petrification resistance
a: no special abilities


You were on level 2 of the Dungeon.
You visited 1 branch of the dungeon, and saw 2 of its levels.

You collected 79 gold pieces.


Innate Abilities, Weirdness & Mutations

You are immune to sickness and miasma.
Your stone body is resilient. (AC +3)
You are immune to poison.
You resist negative energy. (rN+)
You are resistant to electric shocks. (rElec)
You are resistant to unholy torment.
You are immune to petrification.


   Skills:
 - Level 3.2 Fighting
 + Level 4.3 Axes
 - Level 3.2 Armour
 - Level 3.2 Shields


You had 3 spell levels left.
You didn't know any spells.
Your spell library was empty.

Inventory:

Hand Weapons
 f - a +0 flail
 Y - a +0 war axe (weapon)
Armour
 b - a +0 scale mail (worn)
 c - a +0 buckler (worn)
 k - a +0 helmet (worn)
 l - a +0 pair of gloves (worn)
Jewellery
 h - a +6 ring of intelligence
Scrolls
 a - a scroll of enchant weapon {unknown}
 g - 2 scrolls of identify {unknown}
Potions
 d - 2 potions of might
 e - a potion of curing {unknown}
 i - 2 potions of haste {unknown}
 j - a potion of lignification {unknown}
 m - a potion of ambrosia {unknown}

Dungeon Overview and Level Annotations

Branches:
Dungeon (2/15)

Altars:

Annotations:
D:2 Sigmund


Message History

The ball python constricts you.
The ball python bites you but does no damage.
The ball python constricts you.
You closely miss the ball python. Sigmund hits you but does no damage.
The ball python barely misses you. The ball python constricts you.
You block the ball python's attack. The ball python constricts you.
You barely miss the ball python.
Sigmund casts a spell.
Sigmund flickers and vanishes!
Deactivating autopickup; reactivate with Ctrl-A.
The ball python barely misses you. The ball python constricts you.
Something hits you but does no damage.
You hit the ball python.
You kill the ball python!
You swing at nothing.
Something hits you!
You swing at nothing.
You hear some strange, mumbled words.
A puff of flame appears from out of thin air!
The puff of flame hits you. Something hits you.
You swing at nothing.
You block something's attack.
You swing at nothing.
You swing at nothing.
Something hits you.
You swing at nothing.
Something hits you!
You swing at nothing.
You hear some strange, mumbled words.
Something tries to affect you, but you resist.
You swing at nothing.
You hear some strange, mumbled words.
Something tries to affect you, but you resist.
Something hits you.
You swing at nothing.
Something hits you but does no damage.
You swing at nothing.
Something hits you!
You die...

##### #.? #.... #..
#...) #.. #.... #..
##########.... #..
#............. #{.
#.............
#..####.........##..
#..@................
#.#####.........####
# #.........#
#.........#
#.........#
#.........#
########### ####


There were no monsters in sight!

Vanquished Creatures
  Natasha (D:2)
  3 gnolls (D:2)
  An adder (D:2)
  2 worms (D:2)
  4 ball pythons
  3 bats
  2 endoplasms (D:1)
  2 giant cockroaches
  A hobgoblin (D:1)
  2 quokkas
  2 frilled lizards
  4 goblins
  3 kobolds
  4 rats
34 creatures vanquished.

Notes
Turn   | Place    | Note
-------+----------+-------------------------------------------
     0 | D:1      | qw the Gargoyle Fighter began the quest for the Orb.
     0 | D:1      | Reached XP level 1. HP: 14/14 MP: 1/1
     0 | D:1      | 0 ||| qw: Version: 0.2-a-17-g06abaee
     0 | D:1      | 0 ||| qw: Game counter: 2048
     0 | D:1      | 0 ||| qw: Always use a shield: true
     0 | D:1      | 0 ||| qw: God list: Okawaru
     0 | D:1      | 0 ||| qw: Allow faded altars: false
     0 | D:1      | 0 ||| qw: Do Orc after D:15 true
     0 | D:1      | 0 ||| qw: Do second Lair branch before Depths: true
     0 | D:1      | 0 ||| qw: Lair rune preference: random
     0 | D:1      | 0 ||| qw: Plans: Normal, Zot:1-4, God:TSO, Crypt, Tomb,
                  | Pan, Slime:5, Hells, Abyss, Orb
     0 | D:1      | 0 ||| PLANNING D:1-11
    51 | D:1      | Reached skill level 2 in Axes
   224 | D:1      | Reached XP level 2. HP: 19/19 MP: 2/2
   723 | D:1      | 723 ||| UPGRADING to +0 helmet.
   728 | D:1      | 728 ||| UPGRADING to +0 pair of gloves.
   733 | D:1      | 733 ||| READING scroll labelled DUNEUN EMIOTH.
   734 | D:1      | 734 ||| READING scroll labelled GOPSOT SOZEFAKK.
   737 | D:1      | 737 ||| READING scroll labelled WOS MO DEFE.
   780 | D:2      | 780 ||| Stepping ~*~*~tactically~*~*~ (stealth).
   784 | D:2      | 784 ||| Stepping ~*~*~tactically~*~*~ (stealth).
   787 | D:2      | 787 ||| Stepping ~*~*~tactically~*~*~ (stealth).
   788 | D:2      | 788 ||| Stepping ~*~*~tactically~*~*~ (stealth).
   802 | D:2      | 802 ||| FLEEEEING.
   850 | D:2      | Reached skill level 3 in Axes
   850 | D:2      | Reached XP level 3. HP: 18/23 MP: 3/3
   922 | D:2      | Noticed Natasha
   923 | D:2      | 923 ||| Stepping ~*~*~tactically~*~*~ (hiding).
   924 | D:2      | 924 ||| Stepping ~*~*~tactically~*~*~ (hiding).
   933 | D:2      | Reached XP level 4. HP: 10/28 MP: 4/4
   934 | D:2      | Killed Natasha
   935 | D:2      | Reached skill level 4 in Axes
  1023 | D:2      | 1023 ||| DROPPING +0 club.
  1130 | D:2      | Noticed Sigmund
  1131 | D:2      | 1131 ||| Stepping ~*~*~tactically~*~*~ (hiding).
  1143 | D:2      | HP: 7/28 [something (9)]
  1145 | D:2      | HP: 1/28 [something (6)]
  1147 | D:2      | Mangled by Sigmund

Levels and vault maps discovered:
D:1:      noname_arrival_rooms_in_the_neighbourhood, layout_loops_ring,
          shapermc_ecumenical_altar_petra, grunt_decor_resistance,
          minmay_misc_feat_more_columns
D:2:      layout_basic, minmay_misc_feat_five, uniq_sigmund, uniq_natasha

Skill      XL: |  1  2  3  4 |
---------------+-------------+-----
Axes           | 2 3 4 |  4.3
Fighting       | |  3.2
Armour         | |  3.2
Shields        | |  3.2

Action                   |  1- 3 |  4- 6 || total
-------------------------+-------+-------++-------
Melee: War axe           |    67 |    16 ||    83
  Use: Scroll            |     3 |       ||     3
Armor: Scale mail        |    24 |    13 ||    37
Dodge: Dodged            |    27 |     7 ||    34
Block: Buckler           |    14 |     2 ||    16

Table legend:
 A = Non-vault XP
 B = Vault XP
 C = Vault XP percentage of total XP
 D = Non-vault monster count
 E = Vault monster count
 F = Vault count percentage of total count
                 A         B        C        D         E       F
            +---------+---------+-------+---------+---------+-------
      Total |     106 |      35 |  24.8 |      33 |       1 |   2.9
            +---------+---------+-------+---------+---------+-------
        D:1 |      24 |       0 |   0.0 |      16 |       0 |   0.0
        D:2 |      82 |      35 |  29.9 |      17 |       1 |   5.6
            +---------+---------+-------+---------+---------+-------
